 Dungeon Crawl Stone Soup version 0.31.0-32-g396128a36d (webtiles) character file.

Game seed: 735881399510348307

66 Fractals the Sneak (level 3, -2/43 HPs)
             Began as a Demigod Hedge Wizard on Apr 3, 2024.
             Slain by a phantom (6 damage)
             ... on level 2 of the Dungeon.
             The game lasted 00:06:43 (1638 turns).

Fractals the Sneak (Demigod Hedge Wizard)           Turns: 1638, Time: 00:06:43

Health: -2/43      AC:  5    Str: 15    XL:     3   Next: 69%
Magic:  6/9        EV: 12    Int: 16    God:
Gold:   165        SH:  5    Dex: 13    Spells: 4/7 levels left

rFire   . . .        a - +0 dagger
rCold   . . .        (no shield)
rNeg    . . .        b - +0 robe
rPois   .            (helmet restricted)
rElec   .            (no cloak)
rCorr   .            (no gloves)
SInv    .            j - +0 pair of boots
Will    +....        e - amulet of reflection Stlth
                     (no ring)
HPRegen 0.27/turn    (no ring)
MPRegen 0.11/turn

%: reflection
@: berserking, enlightened, flying, very slightly contaminated, very quick
A: high MP 1, forlorn, divine attributes, horns 1, iridescent scales 1,
deterioration 2
a: no special abilities


You were on level 2 of the Dungeon.
You visited 1 branch of the dungeon, and saw 3 of its levels.

You collected 165 gold pieces.

Inventory:

Hand Weapons
 a - a +0 dagger (weapon)
Armour
 b - a +0 robe (worn)
 c - a +0 hat
 j - a +0 pair of boots (worn)
 p - a +2 helmet
Jewellery
 e - an amulet of reflection (around neck)
Scrolls
 f - a scroll of vulnerability {unknown}
 l - a scroll of fear {unknown}
 m - 2 scrolls of amnesia
 q - a scroll of identify {unknown}
Potions
 d - a potion of magic
 g - a potion of enlightenment
 i - a potion of berserk rage
 k - a potion of cancellation {unknown}
 n - a potion of curing {unknown}
 o - a potion of attraction {unknown}
 r - a potion of heal wounds {unknown}


   Skills:
 + Level 2.3 Fighting
 - Level 1.7 Dodging
 - Level 3.0 Stealth
 + Level 2.8 Spellcasting
 - Level 0.8 Conjurations
 - Level 0.8 Summonings
 - Level 0.8 Translocations


You had 4 spell levels left.
You knew the following spells:

 Your Spells              Type           Power      Damage    Failure   Level
a - Magic Dart            Conj           16%        1d3       14%         1
b - Call Imp              Summ           8%         N/A       21%         2

Your spell library contained the following spells:

 Spells                   Type           Power      Damage    Failure   Level
 Slow                     Hex            8%         N/A       19%         1
 Blink                    Tloc           8%         N/A       21%         2
 Cigotuvi's Dreadful Rot  Necr/Alch/Air  4%         N/A       28%         2
 Summon Ice Beast         Ice/Summ       3%         N/A       43%         3
 Mephitic Cloud           Conj/Alch/Air  3%         N/A       45%         3
 Summon Mana Viper        Hex/Summ       3%         N/A       99%         5
 Monstrous Menagerie      Summ           2%         N/A       100%        7


Dungeon Overview and Level Annotations

Branches:
Dungeon (3/15)


Innate Abilities, Weirdness & Mutations

You have an increased reservoir of magic. (+10% MP)
You shall have no god before yourself.
Your divine heritage dramatically boosts your attributes as you level up.
You have a pair of small horns on your head.
You are partially covered in iridescent scales. (AC +2)
Your body often deteriorates upon taking damage.


Message History

You fly up into the air.
The phantom barely misses you.
Your cerulean imp hits the phantom from afar with a -4 spear.
Casting: Magic Dart (safe; 14% risk of failure)
Confirm with . or Enter, or press ? or * to list all spells.
You miscast Call Imp.
You are very lightly contaminated with residual magic.
Nothing appears to happen.
The phantom hits you.
The phantom blinks!
You blink.
Unknown command.
You hit the phantom but do no damage. Your punch misses the phantom.
The phantom is moderately damaged.
The phantom hits you.
It was a potion of mutation.
You feel extremely strange.
You feel yourself wasting away.
Iridescent scales grow over part of your body.
You feel your body start to fall apart. A pair of horns grows on your head!
Your +2 helmet falls away!
The phantom hits you but does no damage.
It was a potion of berserk rage.
A red film seems to cover your vision as you go berserk!
You feel yourself moving faster!
You feel mighty! The phantom hits you!
* * * LOW HITPOINT WARNING * * *
The phantom blinks!
You blink.
You closely miss the phantom. Your headbutt misses the phantom.
The phantom is moderately damaged.
The phantom hits you.
* * * LOW HITPOINT WARNING * * *
The phantom blinks!
You blink.
You puncture the phantom! Your headbutt misses the phantom.
The phantom is heavily damaged.
The phantom closely misses you.
You hit the phantom.
The phantom is severely damaged.
You barely miss the phantom. Your headbutt misses the phantom.
The phantom is severely damaged.
The phantom hits you.
* * * LOW HITPOINT WARNING * * *
The phantom blinks!
You blink.
The ball python hisses angrily.
The phantom hits you.
You die...

#......... #......... #.........
#W........ ##########.........
..######....W............. ##
<........###########...... ..#
......##.......## ..#...( #.#
........W@S...... ........ #.#
....###....###..##.###.... #.#
### ####..§##.#..# ##### ####.##
##§##...# # ...#..# #.....####
##..#.##### ##^.#....######
......†.5.##########..####.......
###....##....5..§................
###...#############§.#####.....


You could see a phantom and a ball python.

Vanquished Creatures
  An adder (D:3)
  A dart slug (D:1)
  An orc (D:3)
  3 endoplasms
  4 giant cockroaches
  6 goblins
  6 hobgoblins
  A quokka (D:3)
  4 ball pythons
  3 bats (D:1)
  2 frilled lizards (D:1)
  3 kobolds
  4 rats
39 creatures vanquished.

Vanquished Creatures (collateral kills)
  An adder (D:2)
  2 orcs (D:3)
3 creatures vanquished.

Grand Total: 42 creatures vanquished

Notes
Turn   | Place    | Note
-------+----------+-------------------------------------------
     0 | D:1      | Fractals the Demigod Hedge Wizard began the quest for the
                  | Orb.
     0 | D:1      | Reached XP level 1. HP: 14/14 MP: 6/6
    76 | D:1      | Reached skill level 2 in Stealth
   206 | D:1      | Reached skill level 1 in Fighting
   305 | D:1      | Reached XP level 2. HP: 16/23 MP: 8/8
   335 | D:1      | Learned a level 2 spell: Call Imp
  1061 | D:2      | Reached XP level 3. HP: 29/29 MP: 7/9
  1157 | D:2      | Noticed a phantom
  1390 | D:3      | Reached skill level 3 in Stealth
  1632 | D:2      | Gained mutation: Your body sometimes deteriorates upon
                  | taking damage. [potion of mutation]
  1632 | D:2      | Gained mutation: You are partially covered in iridescent
                  | scales. (AC +2) [potion of mutation]
  1632 | D:2      | Gained mutation: Your body often deteriorates upon taking
                  | damage. [potion of mutation]
  1632 | D:2      | Gained mutation: You have a pair of small horns on your
                  | head. [potion of mutation]
  1638 | D:2      | Slain by a phantom

Illustrated notes

Levels and vault maps discovered:
D:1:      dpeg_arrival_connections, layout_rooms, chequers_serial_rivers_small_3
D:2:      layout_rooms, dreamdust_ecumenical_altar_angels_and_demons
D:3:      layout_loops_ring

Skill      XL: |  1  2  3 |
---------------+----------+-----
Stealth        | 2 3 |  3.0
Fighting       | 1 2 |  2.3
Dodging        | |  1.7
Spellcasting   | |  2.8
Conjurations   | |  0.8
Summonings     | |  0.8
Translocations | |  0.8

Action                     || total
---------------------------++-------
  Melee: Dagger            ||   193
         Punch             ||     1
   Cast: Magic Dart        ||    38
         Call Imp          ||     6
    Use: Potion            ||     3
         Scroll            ||     1
   Stab: Sleeping          ||     2
 Armour: Robe              ||    88
  Dodge: Dodged            ||   116
  Block: Other             ||    45
         Reflection        ||     1
